 Dungeon Crawl Stone Soup version 0.26.1-10-gdfb7c7de75 (webtiles) character file.

Game seed: 4741934923495690735

60 H0rd4k the Charlatan (level 4, 0/32 HPs)
             Began as a Human Artificer on Apr 1, 2021.
             Slain by a hobgoblin (3 damage)
             ... led by Robin
             ... on level 1 of the Dungeon.
             The game lasted 00:02:30 (2296 turns).

H0rd4k the Charlatan (Human Artificer)              Turns: 2296, Time: 00:02:31

Health: 0/32       AC:  4    Str: 13    XL:     4   Next: 25%
Magic:  4/4        EV: 12    Int: 11    God:
Gold:   106        SH:  0    Dex: 14    Spells: 3/3 levels left

rFire    . . .     SeeInvis .   o - +2 dagger (venom)
rCold    . . .     Faith    .   (no shield)
rNeg     . . .     Spirit   .   b - +0 leather armour
rPois    .         Reflect  .   (no helmet)
rElec    .         Harm     .   (no cloak)
rCorr    .         Rampage  .   (no gloves)
Will     .....                  n - +0 pair of boots
Stlth    ++........             (no amulet)
HPRegen  0.10/turn              (no ring)
MPRegen  0.09/turn              (no ring)

@: no status effects
A: no striking features
a: no special abilities


You were on level 1 of the Dungeon.
You visited 1 branch of the dungeon, and saw 2 of its levels.

You collected 106 gold pieces.

Inventory:

Hand Weapons
 a - a +0 club
 f - a +1 short sword of venom
 o - a +2 dagger of venom (weapon)
Missiles
 m - 3 atropa-tipped darts
Armour
 b - a +0 leather armour (worn)
 n - a +0 pair of boots (worn)
Wands
 c - a wand of flame (13) (quivered)
 d - a wand of enslavement (15)
 e - a wand of random effects (15)
Scrolls
 h - 2 scrolls of identify {unknown}
 j - 2 scrolls of amnesia {unknown}
 k - 2 scrolls of remove curse {unknown}
 l - a scroll of enchant weapon {unknown}
 p - a scroll of fog {unknown}
Potions
 g - 2 potions of curing {unknown}
 i - a potion of brilliance {unknown}


   Skills:
 + Level 1.5 Fighting
 + Level 1.2 Short Blades
 + Level 2.2 Armour
 + Level 1.5 Dodging
 + Level 1.2 Stealth
 + Level 3.8 Evocations


You had 3 spell levels left.
You didn't know any spells.
Your spell library was empty.

Dungeon Overview and Level Annotations

Branches:
Dungeon (2/15)

Altars:

Annotations:
D:1 exclusion: downstairs
D:2 Robin


Message History

Robin throws the goblin at you! The goblin hits you but does no damage.
You hit the goblin.
You kill the goblin!
The goblin hits you with a +0 dagger.
Robin roars a battlecry!
The goblins go into a battle-frenzy!
You completely miss the goblin. The goblin hits you with a +0 dagger.
The hobgoblin hits you but does no damage.
The goblin barely misses you.
You climb upwards.
Level annotation: exclusion: downstairs
There is a stone staircase leading down here.
You barely miss the goblin. The hobgoblin hits you.
* * * LOW HITPOINT WARNING * * *
The goblin hits you with a +0 dagger.
* * * LOW HITPOINT WARNING * * *
You hit the goblin.
You kill the goblin!
The hobgoblin hits you.
You die...

##.##.######+####.......##.....
#.##.##.....# #..####.##.....
#.##)##.....# #..# #.........
#...........####..# #..###...#
####.##...(.......# #..# ###.#
#..>#.....####.## #..#####.#
###.#.###.### #.# #..##.....
#...#.).#.######)####..#...#..
#.#####.....#@g>............##
#...#.†.#.#.#)##.###.........#
###.#.###.#.#.##.# #..........
#...# #.#.#.##.###.#.......#
##### #.#.#.##.##.........##
#.#...................
#........##...########
#####.######.## #.# #.#


You could see a hobgoblin (strong).

Vanquished Creatures
  An ooze (D:1)
  A worm (D:2)
  A giant cockroach (D:1)
  9 goblins
  6 hobgoblins
  5 jackals
  7 kobolds (D:1)
  2 quokkas (D:2)
  7 bats
  A frilled lizard (D:2)
  7 rats
47 creatures vanquished.

Notes
Turn   | Place    | Note
-------+----------+-------------------------------------------
     0 | D:1      | H0rd4k the Human Artificer began the quest for the Orb.
     0 | D:1      | Reached XP level 1. HP: 15/15 MP: 1/1
   328 | D:1      | Reached XP level 2. HP: 21/21 MP: 2/2
   688 | D:1      | Reached XP level 3. HP: 21/26 MP: 3/3
  1581 | D:2      | Noticed Robin
  1982 | D:2      | Reached skill level 1 in Short Blades
  1982 | D:2      | Reached XP level 4. HP: 25/32 MP: 4/4
  2296 | D:1      | Slain by a hobgoblin

Illustrated notes

Levels and vault maps discovered:
D:1:      psy_arrival_terrarium, layout_loops_ring, minmay_tromino_i4
D:2:      layout_rooms, uniq_robin

Skill      XL: |  1  2  3 |
---------------+----------+-----
Short Blades   | 1 |  1.2
Fighting       | |  1.5
Armour         | |  2.2
Dodging        | |  1.5
Stealth        | |  1.2
Evocations     | |  3.8

Action                   |  1- 3 |  4- 6 || total
-------------------------+-------+-------++-------
Melee: Club              |     5 |       ||     5
       Short sword       |    68 |       ||    68
       Dagger            |    28 |    36 ||    64
Evoke: Wand              |     2 |       ||     2
Armor: Leather armour    |    37 |    20 ||    57
Dodge: Dodged            |    75 |    23 ||    98
